 Dungeon Crawl Stone Soup version 0.31.0-1-g2c135a008e (webtiles) character file.

Game seed: 3075292638556502886

60 qw the Shooter (level 4, 0/34 HPs)
             Began as a Djinni Hunter on Jan 23, 2024.
             Slain by a hobgoblin (2 damage)
             ... on level 3 of the Dungeon.
             The game lasted 00:00:05 (1635 turns).

qw the Shooter (Djinni Hunter)                      Turns: 1635, Time: 00:00:05

Health: 0/34       AC:  5    Str: 10    XL:     4   Next: 24%
Gold:   68         EV: 11    Int: 10    God:
                   SH:  0    Dex: 19

rFire   + + .        a - +0 shortbow
rCold   x . .        (shield currently unavailable)
rNeg    . . .        g - +0 ring mail
rPois   inf          (no helmet)
rElec   .            (no cloak)
rCorr   .            (no gloves)
SInv    .            (boots unavailable)
Will    .....        (no amulet)
Stlth   +            (no ring)
HPRegen 0.25/turn    (no ring)
MPRegen 0.00/turn

%: infuse magic (-1 HP)
@: flying
A: sickness immunity, fire resistance 2, cold vulnerability 1, float, innate
caster, HP casting, extra vitality 1
a: no special abilities


You were on level 3 of the Dungeon.
You visited 1 branch of the dungeon, and saw 4 of its levels.

You collected 68 gold pieces.


Innate Abilities, Weirdness & Mutations

You are immune to sickness and miasma.
You are immune to poison.
Your flesh is very heat resistant. (rF++)
You are vulnerable to cold. (rC-)
You float through the air rather than walking.
You learn spells naturally, not from books.
Your magical power is your life essence.
You have superior vitality. (+4 MHP)


   Skills:
 + Level 2.7 Fighting
 - Level 4.0 Ranged Weapons
 - Level 1.4 Armour
 - Level 2.1 Dodging
 - Level 0.7 Stealth


You knew the following spells:

 Your Spells              Type           Power      Damage    Failure   Level
a - Apportation           Tloc           0%         N/A       67%         1
Your spell library was empty.

Inventory:

Hand Weapons
 a - a +0 shortbow (weapon)
Armour
 g - a +0 ring mail (worn)
Wands
 h - a wand of iceblast (5)
Potions
 b - a potion of might
 d - 2 potions of curing
 e - a potion of ambrosia {unknown}
 f - a potion of resistance {unknown}
 j - a potion of lignification {unknown}

Dungeon Overview and Level Annotations

Branches:
Dungeon (4/15)
 Temple: D:4-7

Altars:
Cheibriados
Ru


Message History

You shoot an arrow. The arrow closely misses the adder.
The adder bites you. The hobgoblin hits you.
The kobold hits you but does no damage. The adder bites you but does no damage.
You shoot an arrow. The arrow closely misses the adder.
The adder bites you but does no damage.
The hobgoblin hits you but does no damage.
The kobold barely misses you.
You shoot an arrow. The arrow closely misses the adder.
The adder bites you. The kobold barely misses you. The hobgoblin hits you.
The adder bites you but does no damage. The kobold misses you.
The hobgoblin closely misses you.
You shoot an arrow. The arrow closely misses the adder.
The adder bites you.
The hobgoblin hits you but does no damage.
The kobold closely misses you. The adder misses you.
You shoot an arrow.
The arrow hits the adder but does no damage.
The adder is lightly wounded.
The adder closely misses you. The hobgoblin closely misses you.
The kobold misses you. The adder barely misses you.
You shoot an arrow. The arrow hits the adder.
The adder is severely wounded.
The kobold completely misses you. The hobgoblin barely misses you.
The adder barely misses you.
The kobold hits you with a +0 short sword.
The hobgoblin hits you.
You shoot an arrow. The arrow misses the adder.
The adder barely misses you.
The hobgoblin hits you but does no damage.
The adder closely misses you.
The kobold hits you with a +0 short sword.
You shoot an arrow. The arrow hits the adder.
You kill the adder!
The hobgoblin hits you. The kobold hits you but does no damage.
The kobold misses you.
The hobgoblin hits you but does no damage.
Your Armour skill increases to level 1!
You shoot an arrow. The arrow closely misses the kobold.
The hobgoblin hits you.
You die...

.######
.......
.......
.......
#......####.#
......g.....#
......K@#
###....##
#.... #...#
#... .....
...=. ..(##


You could see a hobgoblin and a kobold.

Vanquished Creatures
  An adder (D:3)
  A white imp (D:3)
  A dart slug (D:4)
  An orc (D:4)
  8 endoplasms
  A giant cockroach (D:1)
  3 goblins
  5 hobgoblins
  2 quokkas (D:1)
  5 ball pythons
  2 bats (D:1)
  A frilled lizard (D:1)
  5 kobolds
  2 rats (D:1)
38 creatures vanquished.

Notes
Turn   | Place    | Note
-------+----------+-------------------------------------------
     0 | D:1      | qw the Djinni Hunter began the quest for the Orb.
     0 | D:1      | Reached XP level 1. HP: 18/18 MP: 0/0
     0 | D:1      | 0 ||| qw: Version: 0.3-a-136-gdd3b4e8
     0 | D:1      | 0 ||| qw: Game counter: 1056
     0 | D:1      | 0 ||| qw: Melee chars always use a shield: true
     0 | D:1      | 0 ||| qw: God list: Okawaru
     0 | D:1      | 0 ||| qw: Allow faded altars: false
     0 | D:1      | 0 ||| qw: Do Orc after clearing Dungeon:15 true
     0 | D:1      | 0 ||| qw: Do second Lair branch before Depths: true
     0 | D:1      | 0 ||| qw: Lair rune preference: random
     0 | D:1      | 0 ||| qw: Goals: Normal
     0 | D:1      | 0 ||| PLANNING D:1-11
    46 | D:1      | Reached XP level 2. HP: 23/23 MP: 0/0
   660 | D:1      | Reached skill level 4 in Ranged Weapons
   660 | D:1      | Reached XP level 3. HP: 28/28 MP: 0/0
   660 | D:1      | Learned a level 1 spell: Apportation
   680 | D:1      | 680 ||| READING scroll labelled TELEYBUB JYALA.
   681 | D:1      | 681 ||| DROPPING scroll of butterflies.
   876 | D:2      | Found a faded altar of an unknown god.
  1431 | D:2      | 1431 ||| READING scroll labelled JUIMUPL OTZIE.
  1432 | D:2      | 1432 ||| READING scroll labelled QINOSA VOTOO.
  1432 | D:2      | 1432 ||| IDENTIFYING silvery potion
  1433 | D:2      | 1433 ||| DRINKING 3 white potions.
  1479 | D:3      | 1479 ||| PLANNING SEWER
  1489 | D:3      | You are sucked into a shaft and drop 1 floor!
  1544 | D:4      | Found a sacrificial altar of Ru.
  1544 | D:4      | Found a snail-covered altar of Cheibriados.
  1590 | D:4      | 1590 ||| UPGRADING to +0 ring mail.
  1600 | D:4      | 1600 ||| DROPPING +0 leather armour.
  1601 | D:4      | 1601 ||| READING 3 scrolls labelled JAR RAILENA.
  1602 | D:4      | 1602 ||| DROPPING 2 scrolls of fog.
  1622 | D:3      | Reached XP level 4. HP: 17/34 MP: 0/0
  1630 | D:3      | HP: 7/34 [adder (2)]
  1633 | D:3      | HP: 2/34 [kobold/+0 short sword (2)]
  1635 | D:3      | Reached skill level 1 in Armour
  1635 | D:3      | Slain by a hobgoblin

Levels and vault maps discovered:
D:1:      psy_arrival_spokes, layout_loops_ring, nicolae_figureground_pulse
D:2:      layout_rooms, hellmonk_ecumenical_altar_lost_god, serial_bayou,
          serial_bayou_pond_b, serial_bayou_shore_b, serial_bayou_crossing,
          serial_bayou_lagoon_a, grunt_decor_clamped, minmay_misc_feat_tower
D:3:      layout_rooms, portal_sewer_entry_d, minmay_snake_closets
D:4:      layout_rooms, mainiacjoe_overflow_tiny_flanked,
          grunt_temple_overflow_open, mainiacjoe_overflow_divided_tiny

Skill      XL: |  1  2  3  4 |
---------------+-------------+-----
Ranged Weapons | 4 |  4.0
Armour         | 1 |  1.4
Fighting       | |  2.7
Dodging        | |  2.1
Stealth        | |  0.7

Action                     |  1- 3 |  4- 6 || total
---------------------------+-------+-------++-------
   Fire: Shortbow          |    88 |    14 ||   102
    Use: Scroll            |     4 |       ||     4
         Potion            |     1 |       ||     1
 Armour: Leather armour    |     4 |       ||     4
         Ring mail         |     6 |    30 ||    36
  Dodge: Dodged            |    14 |    23 ||    37

Table legend:
 A = Non-vault XP
 B = Vault XP
 C = Vault XP percentage of total XP
 D = Non-vault monster count
 E = Vault monster count
 F = Vault count percentage of total count
                 A         B        C        D         E       F
            +---------+---------+-------+---------+---------+-------
      Total |      86 |       0 |   0.0 |      38 |       0 |   0.0
            +---------+---------+-------+---------+---------+-------
        D:1 |      30 |       0 |   0.0 |      19 |       0 |   0.0
        D:2 |      17 |       0 |   0.0 |       9 |       0 |   0.0
        D:3 |      23 |       0 |   0.0 |       2 |       0 |   0.0
        D:4 |      16 |       0 |   0.0 |       8 |       0 |   0.0
            +---------+---------+-------+---------+---------+-------
